 Dungeon Sprint DCSS version 0.17.0-18-gaab0e96 (webtiles) character file.

2223 hexophile the Grappler (level 9, -8/94 HPs)
             Began as a Ghoul Monk on Nov 11, 2015.
             Was a High Priest of Cheibriados.
             Mangled by a redback (16 damage)
             ... in the Dungeon (Sprint III: "The Ten Rune Challenge").
             The game lasted 00:03:21 (1052 turns).

hexophile the Grappler (Ghoul Monk)                 Turns: 1052, Time: 00:03:21

Health: -8/94      AC:  2    Str: 31    XL:     9   Next: 35%
Magic:  5/12       EV: 17    Int: 18    God:    Cheibriados [*****.]
Gold:   21         SH:  0    Dex: 24    Spells: 0 memorised, 8 levels left

rFire  . . .     SeeInvis .       - Unarmed
rCold  + . .     Clarity  .     a - +0 robe
rNeg   + + +     SustAt   .     (no shield)
rPois  ∞         Gourm    .     (no helmet)
rElec  .         Spirit   .     (no cloak)
rCorr  .         Warding  .     (no gloves)
rMut   .         NoTele   +     (no boots)
MR     .....                    i - amulet of inaccuracy (curse)
Stlth  +++++.....               (no ring)
                                (no ring)

@: rotting, very slow, not resistant to hostile enchantments, quite stealthy
A: rotting body, claws 1, carnivore 3, cold resistance 1, negative energy
resistance 3, slow regeneration 1, torment resistance, unbreathing
a: Bend Time, Temporal Distortion, Slouch, Step From Time, Renounce Religion


You were in the Dungeon.
You worshipped Cheibriados.
Cheibriados was extremely pleased with you.
You were not hungry.

You visited 1 branch You collected 21 gold pieces.


Innate Abilities, Weirdness & Mutations

Your body is rotting away.
You thrive on raw meat.
You are immune to poison.
You have sharp fingernails.
You are carnivorous and can eat meat at any time.
Your flesh is cold resistant.
You are immune to negative energy.
You regenerate slowly when monsters are visible.
You are immune to unholy pain and torment.
You can survive without breathing.

Inventory:

Armour
 a - a +0 robe (worn)
Jewellery
 i - a cursed amulet of inaccuracy (around neck)
Wands
 k - a wand of confusion (26)
Scrolls
 h - a scroll of blinking
Potions
 c - a potion of curing
 d - 2 potions of heal wounds
 e - a potion of haste
 f - 2 potions of magic
 g - 2 potions of berserk rage
 j - a potion of mutation {!q}
 n - 2 potions of cure mutation {!q}
 o - 2 potions of flight
Comestibles
 b - a meat ration
 l - 22 chunks of flesh
 r - a bread ration
 s - 2 royal jellies


You had 8 spell levels left.
You didn't know any spells.


   Skills:
 * Level 13.7 Fighting
 - Level 5.0 Dodging
 * Level 9.6 Stealth
 * Level 13.9 Unarmed Combat
 * Level 6.0 Invocations

Dungeon Overview and Level Annotations

Branches:
Dungeon (1/1)

Altars:
Cheibriados
Dithmenos
Elyvilon
Fedhas
Gozag
Kikubaaqudgha
Makhleb
Nemelex Xobeh
Okawaru
Qazlal
Ru
Sif Muna
Trog
Vehumet
Xom
Yredelemnul
Zin
The Shining One
Jiyva
Lugonu

Vault maps used:
D:        dungeon_sprint_mu
You       could see a redback.


Message History

You barely miss the trapdoor spider.
The trapdoor spider is almost dead.
The trapdoor spider misses you.
You barely miss the trapdoor spider.
The trapdoor spider is severely wounded.
The trapdoor spider bites you.
You lost 2 HP.
You have now: 60/93 HP.
You mangle the trapdoor spider!!
You kill the trapdoor spider!
Cheibriados thoroughly appreciates the change of pace.
Cheibriados raises the support of your attributes as your movement slows.
Your Invocations skill increases to level 6!
You got additional 1 HP.
Unknown command.
Items here: ))) †† a giant spiked club; a giant club; a giant club; a two-headed ogre corpse a hill giant corpse You butcher the two-headed ogre corpse.
l - 15 chunks of flesh (gained 3)
Items here: ))) † a giant spiked club; a giant club; a giant club; a hill giant corpse You butcher the hill giant corpse.
l - 22 chunks of flesh (gained 7)
Things that are here:
a giant spiked club; a giant club; a giant club The redback bites you!
The redback misses you.
You lost 13 HP.
You have now: 49/94 HP.
You barely miss the redback. The redback bites you!
* * * LOW HITPOINT WARNING * * *
You lost 14 HP.
You have now: 35/94 HP.
You claw the redback!
The redback is moderately wounded.
The redback bites you!
* * * LOW HITPOINT WARNING * * *
You lost 15 HP.
You have now: 20/94 HP.
Unknown command.
You closely miss the redback. You claw the redback!
The redback is almost dead.
The redback closely misses you.
You barely miss the redback.
The redback is almost dead.
The redback bites you!
* * * LOW HITPOINT WARNING * * *
You lost 12 HP.
You have now: 8/94 HP.
Unknown command.
The flow of time bends around you.
Cheibriados rebukes the redback.
The redback seems to slow down.
You feel slightly more hungry. The redback bites you!
You die...

Action                   |  1- 3 |  4- 6 |  7- 9 || total
-------------------------+-------+-------+-------++-------
Melee: Unarmed           |    35 |    31 |    50 ||   116
Invok: Bend Time         |       |       |     4 ||     4
  Use: Scroll            |     4 |     3 |       ||     7
       Potion            |       |     2 |       ||     2
 Stab: Sleeping          |     1 |       |     3 ||     4
  Eat: Chunk             |     1 |     4 |     8 ||    13

Notes
Turn   | Place    | Note
--------------------------------------------------------------
     0 | D        | hexophile the Ghoul Monk began the quest for the Orb.
     0 | D        | Reached XP level 1. HP: 19/19 MP: 0/0
     6 | D        | Reached skill level 4 in Fighting
     6 | D        | Reached skill level 5 in Unarmed Combat
   127 | D        | Killed a yaktaur
   133 | D        | Killed a yaktaur
   137 | D        | Noticed Jessica
   146 | D        | Killed Jessica
   146 | D        | Reached skill level 5 in Fighting
   146 | D        | Reached skill level 6 in Unarmed Combat
   146 | D        | Reached XP level 2. HP: 25/30 MP: 1/1
   146 | D        | Reached XP level 3. HP: 30/37 MP: 2/2
   163 | D        | Noticed a wolf
   170 | D        | Killed a wolf
   170 | D        | Reached skill level 6 in Fighting
   170 | D        | Reached skill level 7 in Unarmed Combat
   298 | D        | Reached XP level 4. HP: 15/45 MP: 3/3
   309 | D        | Killed a white draconian scorcher
   317 | D        | Noticed a water elemental
   327 | D        | Killed a water elemental
   327 | D        | Reached skill level 8 in Fighting
   327 | D        | Reached skill level 8 in Unarmed Combat
   327 | D        | Reached XP level 5. HP: 16/52 MP: 4/4
   378 | D        | Killed a white draconian scorcher
   411 | D        | Found a basalt altar of Yredelemnul.
   411 | D        | Found a snail-covered altar of Cheibriados.
   411 | D        | Found a blossoming altar of Fedhas.
   411 | D        | Noticed a necrophage
   411 | D        | Noticed a necromancer
   413 | D        | Killed a necromancer
   413 | D        | Reached skill level 9 in Unarmed Combat
   418 | D        | Killed a necrophage
   418 | D        | Reached skill level 9 in Fighting
   418 | D        | Reached skill level 10 in Unarmed Combat
   418 | D        | Reached XP level 6. HP: 34/65 MP: 5/5
   422 | D        | Became a worshipper of Cheibriados the Contemplative
   422 | D        | Reached * piety under Cheibriados
   422 | D        | Reached ** piety under Cheibriados
   437 | D        | Found a radiant altar of Vehumet.
   437 | D        | Found a deep blue altar of Sif Muna.
   437 | D        | Found an ancient bone altar of Kikubaaqudgha.
   437 | D        | Noticed a wizard
   445 | D        | Killed a wizard
   445 | D        | Reached skill level 10 in Fighting
   652 | D        | Found a glowing silver altar of Zin.
   653 | D        | Found a glowing golden altar of the Shining One.
   653 | D        | Found a white marble altar of Elyvilon.
   653 | D        | Noticed a deep elf priest
   660 | D        | HP: 1/65 [deep elf priest/divine providence (15)]
   662 | D        | Killed a deep elf priest
   662 | D        | Reached *** piety under Cheibriados
   662 | D        | Reached skill level 11 in Fighting
   662 | D        | Reached skill level 5 in Dodging
   662 | D        | Reached skill level 11 in Unarmed Combat
   662 | D        | Reached XP level 7. HP: 20/74 MP: 6/6
   781 | D        | Found an iron altar of Okawaru.
   781 | D        | Found a bloodstained altar of Trog.
   781 | D        | Noticed a human
   781 | D        | Noticed a human
   786 | D        | Killed a human
   786 | D        | Reached skill level 4 in Stealth
   786 | D        | Reached skill level 12 in Unarmed Combat
   795 | D        | Killed a human
   795 | D        | Reached **** piety under Cheibriados
   795 | D        | Reached skill level 12 in Fighting
   795 | D        | Reached skill level 5 in Stealth
   818 | D        | Noticed a jelly
   819 | D        | Noticed a shadow
   822 | D        | Killed a shadow
   822 | D        | Reached skill level 6 in Stealth
   822 | D        | Reached XP level 8. HP: 78/85 MP: 7/7
   826 | D        | Killed a jelly
   833 | D        | Found a stormy altar of Qazlal.
   833 | D        | Found a sacrificial altar of Ru.
   833 | D        | Found a burning altar of Makhleb.
   833 | D        | Found a shimmering altar of Xom.
   834 | D        | Noticed a spatial vortex
   834 | D        | Found a viscous altar of Jiyva.
   834 | D        | Found a shadowy altar of Dithmenos.
   834 | D        | Found a sparkling altar of Nemelex Xobeh.
   834 | D        | Found a corrupted altar of Lugonu.
   834 | D        | Found an opulent altar of Gozag.
   843 | D        | Noticed a two-headed ogre
   843 | D        | Noticed a two-headed ogre
   849 | D        | Killed a two-headed ogre
   857 | D        | Noticed a two-headed ogre
   988 | D        | Noticed a hill giant
   997 | D        | Killed a hill giant
   997 | D        | Reached ***** piety under Cheibriados
   997 | D        | Reached skill level 7 in Stealth
   997 | D        | Reached skill level 13 in Unarmed Combat
   997 | D        | Reached skill level 1 in Invocations
  1003 | D        | Killed a two-headed ogre
  1003 | D        | Reached skill level 2 in Invocations
  1023 | D        | Noticed a hill giant
  1023 | D        | Noticed Erolcha
  1025 | D        | Noticed a trapdoor spider
  1027 | D        | Noticed a redback
  1027 | D        | Killed Erolcha
  1027 | D        | Reached skill level 13 in Fighting
  1027 | D        | Reached skill level 9 in Stealth
  1027 | D        | Reached skill level 5 in Invocations
  1027 | D        | Reached XP level 9. HP: 83/93 MP: 5/11
  1028 | D        | Noticed a trapdoor spider
  1034 | D        | Killed a hill giant
  1036 | D        | Killed a two-headed ogre
  1041 | D        | Killed a trapdoor spider
  1041 | D        | Reached skill level 6 in Invocations
  1052 | D        | Mangled by a redback

Table legend:
 A = Turns spent in this place as a percentage of turns spent in the entire game.
 B = Non-inter-level travel turns spent in this place as a percentage of non-inter-level travel turns spent in the entire game.
 C = Inter-level travel turns spent in this place as a percentage of turns spent in this place.
 D = Turns resting spent in this place as a percentage of non-inter-level travel turns spent in this place.
 E = Turns spent auto-exploring this place as a percentage of non-inter-level travel turns spent in this place.
 F = Non-inter-level travel turns spent in this place divided by the number of levels of this place that you've seen.
                   A       B       C       D       E      F
               +-------+-------+-------+-------+-------+----------------------
         Total | 100.0 | 100.0 |   0.0 |   4.6 |   0.0 | 373.0
       Dungeon | 100.0 | 100.0 |   0.0 |   4.6 |   0.0 | 373.0
               +-------+-------+-------+-------+-------+----------------------

Table legend:
 A = Kills in this place as a percentage of kills in entire the game.
 B = Kills by you in this place as a percentage of kills by you in the entire game.
 C = Kills by friends in this place as a percentage of kills by friends in the entire game.
 D = Other kills in this place as a percentage of other kills in the entire game.
 E = Experience gained in this place as a percentage of experience gained in the entire game.
 F = Experience gained in this place divided by the number of levels of this place that you have seen.
                   A       B       C       D       E      F
               +-------+-------+-------+-------+-------+----------------------
         Total | 100.0 | 100.0 |  -nan |  -nan | 100.0 | 3177.0
       Dungeon | 100.0 | 100.0 |  -nan |  -nan | 100.0 | 3177.0
               +-------+-------+-------+-------+-------+----------------------

Vanquished Creatures
  Erolcha (D)
  A deep elf priest (D)
  A shadow (D)
  A trapdoor spider (D)
  2 hill giants (D)
  A necrophage (D)
  3 two-headed ogres (D)
  A water elemental (D)
  A jelly (D)
  A wizard (D)
  Jessica (D)
  A necromancer (D)
  A kobold demonologist (D)
  A wolf (D)
  3 humans (D)
  An ooze (D)
  A rat (D)
22 creatures vanquished.

Vanquished Creatures (others)
  2 draconian scorchers (D)
  2 yaktaurs (D)
4 creatures vanquished.

Grand Total: 26 creatures vanquished
